 Dungeon Crawl Stone Soup version 0.25-a0-185-g6cfeca75b2 (webtiles) character file.

Game seed: 15096993423377761423, levelgen mode: deterministic

1375 vurker the Zephyrmancer (level 8, -3/48 HPs)
             Began as a Tengu Air Elementalist on Nov 27, 2019.
             Slain by an ice beast (13 damage)
             ... on level 5 of the Dungeon.
             The game lasted 00:10:52 (6863 turns).

vurker the Zephyrmancer (Tengu Air Elementalist)    Turns: 6863, Time: 00:10:52

Health: -3/48      AC:  3    Str:  9    XL:     8   Next: 66%
Magic:  2/17       EV: 15    Int: 18    God:
Gold:   255        SH:  0    Dex: 14    Spells: 7/17 levels left

rFire    . . .     SeeInvis .   d - +3 rapier (protect)
rCold    . . .     Gourm    .   (no shield)
rNeg     . . .     Faith    .   k - +0 robe {MR+}
rPois    .         Spirit   .   (helmet restricted)
rElec    .         Reflect  .   s - +0 cloak
rCorr    +         Harm     .   (no gloves)
MR       +....                  (boots unavailable)
Stlth    ++........             t - amulet of regeneration
HPRegen  0.56/turn              m - ring of resist corrosion
MPRegen  0.15/turn              (no ring)

@: flying quickly and evasively, very slightly contaminated, quick
A: beak, talons 3, able to fly
a: Stop Flying


You were on level 5 of the Dungeon.
You were near starving.

You visited 2 branches of the dungeon, and saw 7 of its levels.

You collected 255 gold pieces.

Inventory:

Hand Weapons
 d - a +3 rapier of protection (weapon)
   (You found it on level 5 of the Dungeon)
 C - a +2 falchion of venom
   (You took it off an orc on level 5 of the Dungeon)
Armour
 k - a +0 robe of magic resistance (worn)
   (You took it off an orc wizard on level 4 of the Dungeon)
 s - a +0 cloak (worn)
   (You found it on level 4 of the Dungeon)
Jewellery
 m - a ring of resist corrosion (left hand)
   (You found it on level 2 of the Dungeon)
 t - an amulet of regeneration (around neck)
   (You found it on level 3 of the Dungeon)
Wands
 u - a wand of paralysis (7)
   (You found it on level 5 of the Dungeon)
 v - a wand of digging (4)
   (You found it on level 6 of the Dungeon)
 B - a wand of enslavement (4)
   (You found it on level 6 of the Dungeon)
Scrolls
 a - 3 scrolls of remove curse {unknown}
 f - 7 scrolls of teleportation {unknown}
 h - a scroll of enchant armour {unknown}
 j - a scroll of magic mapping {unknown}
 l - 2 scrolls of blinking {unknown}
 n - 2 scrolls of enchant weapon {unknown}
 p - 2 scrolls of noise {unknown}
 x - 2 scrolls of fear {unknown}
 z - a scroll of immolation {unknown}
Potions
 b - 2 potions of heal wounds {unknown}
 c - 3 potions of haste
 g - a potion of magic {unknown}
 i - 2 potions of mutation
 o - 2 potions of ambrosia
 q - a potion of flight {unknown}
 r - 2 potions of invisibility
 w - a potion of brilliance {unknown}
 y - a potion of curing {unknown}
Comestibles
 e - 14 rations


   Skills:
 + Level 3.8 Fighting
 - Level 2.1 Dodging
 - Level 2.0 Stealth
 * Level 5.3 Spellcasting
 * Level 7.2 Conjurations
 * Level 8.1 Air Magic


You had 7 spell levels left.
You knew the following spells:

 Your Spells              Type           Power        Failure   Level  Hunger
a - Shock                 Conj/Air       ####         1%          1    None
b - Lightning Bolt        Conj/Air       ####......   16%         5    ######.
c - Airstrike             Air            ####......   4%          4    ####...

Your spell library contained the following spells:

 Spells                   Type           Power        Failure   Level  Hunger
 Static Discharge         Conj/Air       ####....     1%          3    ##.....
 Flame Tongue             Conj/Fire      ###..        3%          1    None
 Swiftness                Chrm/Air       ###.....     3%          2    #......
 Throw Flame              Conj/Fire      ###...       4%          2    #......
 Conjure Flame            Conj/Fire      ###.....     9%          3    ##.....
 Sticky Flame             Conj/Fire      ###.....     28%         4    ####...
 Inner Flame              Hex/Fire       #.......     36%         3    ##.....
 Fireball                 Conj/Fire      ###.......   63%         5    ######.


Dungeon Overview and Level Annotations

Branches:
Dungeon (6/15)             Temple (1/1) D:5

Altars:
Cheibriados
Dithmenos
Elyvilon
Gozag
Makhleb
Okawaru
Qazlal
Sif Muna
Wu Jian
Xom
Zin
The Shining One


Innate Abilities, Weirdness & Mutations

You have a beak for a mouth.
You have claws for feet.
You can fly continuously.


Message History

Things that are here:
a +2 falchion of venom; a +0 hunting sling You feel sick.
Things that are here:
a +2 falchion of venom; a +0 hunting sling
C - a +2 falchion of venom You feel sick.
Okay, then.
You feel sick.
You feel sick.
You feel sick.
You feel sick.
You feel sick.
Your magical contamination has completely faded away.
You feel sick.
You feel sick.
You are no longer poisoned.
All of the chunks of flesh in your inventory have rotted away.
You are feeling hungry.
There is a stone staircase leading down here.
You start resting.
You fly downwards.
The ice beast closely misses you. The ice beast hits you.
The ice beast freezes you!
There is a stone staircase leading up here.
You see here a stone.
The ice beast closely misses you.
You fly upwards.
There is a stone staircase leading down here.
There is an open door here.
Aim: an ice beast You hear a mighty clap of thunder!
The bolt of lightning hits the ice beast!!
The ice beast hits you. The ice beast freezes you!
Aim: an ice beast (severely wounded)
You hear a mighty clap of thunder!
The bolt of lightning misses the ice beast.
You are feeling very hungry.
The ice beast hits you.
* * * LOW HITPOINT WARNING * * *
The ice beast freezes you!
* * * LOW HITPOINT WARNING * * *
Aim: an ice beast (severely wounded)
You miscast Lightning Bolt.
You are very lightly contaminated with residual magic.
Sparks fly from your hands!
You are near starving!
The ice beast hits you.
* * * LOW HITPOINT WARNING * * *
The ice beast freezes you!
You die...

#..).#####.####.
#.......>.......
#....###)#....#.
#....###.#.##.##
###....#......#.#
#.'....#.#.####.#
#.#....#.#......#
#Y#....#.#.######
#@######.#.#######
#(# #.#........
#####'###
#.#########
#.......# #.# #
#.......# #.# #
#.......# #.# #
#.......####.#
#............#
#..........###


You could see an ice beast.

Vanquished Creatures
  An orc warrior (D:6)
  A centaur (D:5)
  2 bullfrogs (D:6)
  A scorpion (D:6)
  2 howler monkeys (D:5)
  A crimson imp (D:5)
  A bullfrog zombie (D:5)
  4 hounds
  A bullfrog skeleton (D:4)
  5 orc priests
  5 orc wizards
  An iguana (D:5)
  Jessica (D:3)
  6 worker ants
  A hound zombie (D:5)
  6 adders
  7 gnolls
  A worm (D:4)
  An adder skeleton (D:4)
  2 dart slugs
  18 orcs
  A ball python (D:2)
  2 giant cockroaches (D:5)
  7 goblins
  6 hobgoblins
  9 jackals
  A quokka (D:6)
  6 bats
  3 frilled lizards
  A jackal skeleton (D:4)
  5 kobolds
  2 leopard gecko skeletons (D:4)
  A quokka skeleton (D:4)
  5 rats
117 creatures vanquished.

Notes
Turn   | Place    | Note
-------+----------+-------------------------------------------
     0 | D:1      | vurker the Tengu Air Elementalist began the quest for the
                  | Orb.
     0 | D:1      | Reached XP level 1. HP: 10/10 MP: 4/4
   292 | D:1      | Reached XP level 2. HP: 15/15 MP: 4/6
  1166 | D:2      | Reached XP level 3. HP: 20/20 MP: 4/7
  1665 | D:2      | Reached skill level 1 in Fighting
  2179 | D:3      | Reached XP level 4. HP: 25/25 MP: 1/9
  2206 | D:3      | Reached skill level 5 in Air Magic
  2484 | D:3      | Gained mutation: You can fly continuously. [Tengu growth]
  2484 | D:3      | Reached XP level 5. HP: 21/29 MP: 6/10
  2982 | D:3      | Noticed Jessica
  2987 | D:3      | Killed Jessica
  2987 | D:3      | Reached XP level 6. HP: 35/35 MP: 5/12
  3106 | D:3      | Learned a level 5 spell: Lightning Bolt
  3111 | D:3      | Learned a level 4 spell: Airstrike
  3142 | D:3      | Found a glowing silver altar of Zin.
  3835 | D:4      | Reached skill level 6 in Air Magic
  3961 | D:4      | Reached skill level 5 in Conjurations
  3961 | D:4      | Reached XP level 7. HP: 40/40 MP: 4/13
  4495 | D:4      | Found an iron altar of Okawaru.
  4908 | D:5      | Entered Level 5 of the Dungeon
  5175 | D:5      | Reached skill level 7 in Air Magic
  5270 | D:5      | Reached XP level 8. HP: 36/46 MP: 8/15
  5423 | D:5      | Found a staircase to the Ecumenical Temple.
  5440 | Temple   | Entered the Ecumenical Temple
  5974 | D:5      | Found an ornate altar of the Wu Jian Council.
  6312 | D:6      | Reached skill level 5 in Spellcasting
  6593 | D:6      | Reached skill level 8 in Air Magic
  6863 | D:5      | Slain by an ice beast

Levels and vault maps discovered:
D:1:      roderic_chinese_lattice_arrival, layout_loops_ring
D:2:      layout_basic
D:3:      layout_basic, zin_scriptorium, serial_glass, glass_columns_c,
          glass_columns_c, first_ration, uniq_jessica
D:4:      minmay_recursive_quarters, layout_basic, st_stairs_11,
          kennysheep_okawaru_gauntlet
D:5:      layout_basic, lemuel_crystal_altar, temple_green, grunt_decor_cap,
          minmay_fractal_squares_gapless_5
D:6:      layout_basic, minmay_mini_ossuary
Temple:   nicolae_temple_figure_zero

Skill      XL: |  1  2  3  4  5  6  7  8 |
---------------+-------------------------+-----
Conjurations   | 2 3 4 5 6 7 |  7.2
Fighting       | 1 2 3 |  3.8
Air Magic      | 5 6 7 8 |  8.1
Spellcasting   | 3 4 5 |  5.3
Dodging        | |  2.1
Stealth        | |  2.0

Action                   |  1- 3 |  4- 6 |  7- 9 || total
-------------------------+-------+-------+-------++-------
Melee: Unarmed           |     4 |       |       ||     4
       Dagger            |     2 |     6 |       ||     8
       Kick              |       |     1 |     2 ||     3
       Peck              |       |     1 |       ||     1
       Rapier            |       |       |    11 ||    11
 Cast: Shock             |    64 |    84 |   181 ||   329
       Airstrike         |       |       |     4 ||     4
       Lightning Bolt    |       |       |     2 ||     2
 Abil: Fly               |       |     1 |       ||     1
  Use: Scroll            |       |     6 |     1 ||     7
  Eat: Chunk             |     4 |     6 |     5 ||    15
       Ration            |       |       |     1 ||     1
Armor: Robe              |     4 |     2 |    10 ||    16
Dodge: Dodged            |    10 |    23 |    52 ||    85

Table legend:
 A = Non-vault XP
 B = Vault XP
 C = Vault XP percentage of total XP
 D = Non-vault monster count
 E = Vault monster count
 F = Vault count percentage of total count
                 A         B        C        D         E       F
            +---------+---------+-------+---------+---------+-------
      Total |    1589 |     376 |  19.1 |      98 |      19 |  16.2
            +---------+---------+-------+---------+---------+-------
        D:1 |      32 |       0 |   0.0 |      17 |       0 |   0.0
        D:2 |      30 |       0 |   0.0 |      10 |       0 |   0.0
        D:3 |     253 |      37 |  12.8 |      23 |       1 |   4.2
        D:4 |     238 |     256 |  51.8 |      20 |      14 |  41.2
        D:5 |     501 |      83 |  14.2 |      17 |       4 |  19.0
        D:6 |     535 |       0 |   0.0 |      11 |       0 |   0.0
            +---------+---------+-------+---------+---------+-------
